 Dungeon Crawl Stone Soup version 0.31-a0-1172-g9944ec47dd (webtiles) character file.

Game seed: 14807933456559045176

338 barkas the Insei (level 6, -1/47 HPs)
             Began as a Merfolk Shapeshifter on Dec 11, 2023.
             Slain by an orc
             ... wielding a +0 trident
              (8 damage)
             ... on level 5 of the Dungeon.
             The game lasted 00:04:57 (3178 turns).

barkas the Insei (Merfolk Shapeshifter)             Turns: 3178, Time: 00:04:57

Health: -1/47      AC:  3    Str: 11 (14) XL:     6   Next: 55%
Magic:  6/6        EV: 13    Int:  7 (9)  God:
Gold:   213        SH:  0    Dex: 15 (16) Spells: 5/5 levels left

rFire   . .          .
                       - Unarmed
rCold   . . .        (no shield)
rNeg    . . .        q - +0 leather armour
rPois   .            (helmet currently unavailable)
rElec   .            (cloak currently unavailable)
rCorr   .            (gloves currently unavailable)
SInv    .            (boots currently unavailable)
Will    .....        (no amulet)
Stlth   +            (no ring)
HPRegen 0.27/turn    (no ring)
MPRegen 0.10/turn

%: no passive effects
@: mighty, beast-form, invisible
A: beast (slay +3), (nimble swimmer 2), mertail
a: Begin Untransformation


You were on level 5 of the Dungeon.
You were a hulking beast.
You visited 1 branch of the dungeon, and saw 5 of its levels.

You collected 213 gold pieces.

Inventory:

Armour
 a - a +0 animal skin
 q - a +0 leather armour (worn)
Talismans
 c - a beast talisman
 d - a flux talisman
 m - a blade talisman
Scrolls
 e - a scroll of identify
 h - a scroll of silence {unknown}
 k - a scroll of torment {unknown}
 n - a scroll of teleportation {unknown}
 p - a scroll of amnesia {unknown}
 r - a scroll of fear {unknown}
Potions
 i - 3 potions of enlightenment
 o - 2 potions of might


   Skills:
 + Level 3.2 Fighting
 + Level 4.6 Dodging
 * Level 5.5 Unarmed Combat
 + Level 5.2 Shapeshifting


You had 5 spell levels left.
You didn't know any spells.
Your spell library contained the following spells:

 Spells                   Type           Power      Damage    Failure   Level
 Summon Guardian Golem    Hex/Summ       0%         N/A       88%         3
 Orb of Destruction       Conj           0%         9d5       100%        7
 Spellforged Servitor     Conj/Summ      0%         N/A       100%        7


Dungeon Overview and Level Annotations

Branches:
Dungeon (5/15)
 Temple: D:4-7

Altars:


Innate Abilities, Weirdness & Mutations

You are a hulking beast.
Your limbs bulge with bestial killing power. (Slay +3)
((You are very nimble when in or above water. (Stealth+, EV+, Speed+++)))
Your lower body shifts to a powerful aquatic tail in water.


Message History

The orc hits you from afar with a +0 trident.
You punch the orc priest!
The orc priest is almost dead.
The orc priest hits you with a +0 flail.
* * * LOW HITPOINT WARNING * * *
The orc closely misses you.
You punch the orc priest!
You kill the orc priest!
The orc barely misses you.
It was a potion of magic.
Magic courses through your body. The orc closely misses you.
The orc hits you from afar with a +0 trident!
* * * LOW HITPOINT WARNING * * *
It was a potion of degeneration.
There was something very wrong with that liquid.
You feel weakened.
You feel dopey.
You feel clumsy. The orc misses you.
The orc hits you from afar with a +0 trident.
* * * LOW HITPOINT WARNING * * *
It was a potion of invisibility.
You fade into invisibility!
The orc barely misses you. The orc misses you.
You catch the helpless orc completely off-guard!
You hit the orc.
The orc is moderately wounded.
The orc barely misses you.
You closely miss the orc.
The orc is moderately wounded.
You barely miss the orc.
The orc is moderately wounded.
The orc hits you but does no damage. The orc misses you.
You punch the orc!
You kill the orc!
You punch the orc!
You kill the orc!
The orc misses you.
Items here: )))) [ †††.
You barely miss the orc. The orc barely misses you.
You closely miss the orc. The orc hits you with a +0 trident!
You die...

### #<#
#h#
#..o.#
#....#
......#
##.###.#
#. #.# .
#.# #
#.#


You could see an orc (unable to see you).

Vanquished Creatures
  An ogre (D:4)
  An orc priest (D:5)
  A hound (D:3)
  An orc wizard (D:3)
  6 adders
  4 gnolls
  2 worms (D:2)
  2 dart slugs
  7 orcs
  5 endoplasms
  2 giant cockroaches (D:1)
  9 goblins
  3 hobgoblins
  4 jackals
  A quokka (D:3)
  7 ball pythons
  8 bats
  5 kobolds
  3 rats
72 creatures vanquished.

Vanquished Creatures (others)
  A hound (D:4)
  A ball python (D:4)
2 creatures vanquished.

Grand Total: 74 creatures vanquished

Notes
Turn   | Place    | Note
-------+----------+-------------------------------------------
     0 | D:1      | barkas the Merfolk Shapeshifter began the quest for the
                  | Orb.
     0 | D:1      | Reached XP level 1. HP: 15/15 MP: 1/1
    18 | D:1      | Found a faded altar of an unknown god.
   133 | D:1      | Reached XP level 2. HP: 21/21 MP: 2/2
   460 | D:1      | Reached XP level 3. HP: 26/27 MP: 3/3
  1470 | D:3      | Reached XP level 4. HP: 31/33 MP: 4/4
  2222 | D:3      | Reached XP level 5. HP: 31/39 MP: 5/5
  2698 | D:4      | Reached skill level 5 in Unarmed Combat
  2713 | D:3      | Reached skill level 5 in Shapeshifting
  3028 | D:4      | Noticed an ogre
  3044 | D:4      | Killed an ogre
  3045 | D:4      | Reached XP level 6. HP: 37/47 MP: 6/6
  3155 | D:5      | Entered Level 5 of the Dungeon
  3178 | D:5      | Slain by an orc

Illustrated notes

Levels and vault maps discovered:
D:1:      dpeg_arrival_arbitrary_b, layout_basic,
          hellmonk_ecumenical_altar_run_dry
D:2:      layout_loops_ring, hangedman_abyss_or_decor_stabs
D:3:      layout_loops_ring
D:4:      layout_basic, xom_confusion_cloud
D:5:      layout_basic, serial_co_window_serial, co_window_corner_a,
          co_window_of_opportunity_a, co_window_paths_b, co_window_paths_a,
          co_window_paths_a, co_window_of_opportunity_c, co_window_corner_cb,
          co_window_of_opportunity_b, co_window_corner_cb, co_window_4corner_a,
          glass_columns_a, glass_columns_a, glass_columns_b, uniq_eustachio

Skill      XL: |  1  2  3  4  5 |
---------------+----------------+-----
Dodging        | 3 4 |  4.6
Unarmed Combat | 4 5 |  5.5
Fighting       | 2 3 |  3.2
Shapeshifting  | 5 |  5.2

Action                     |  1- 3 |  4- 6 || total
---------------------------+-------+-------++-------
  Melee: Unarmed           |   117 |   142 ||   259
         Punch             |     2 |     7 ||     9
  Throw: Dart              |       |    11 ||    11
    Use: Potion            |     1 |     5 ||     6
         Scroll            |       |     2 ||     2
   Stab: Invisible         |       |     1 ||     1
 Armour: Animal skin       |    57 |    15 ||    72
         Skin              |     1 |     3 ||     4
         Leather armour    |       |    55 ||    55
  Dodge: Dodged            |    68 |    90 ||   158

Table legend: (Time is in decaauts)
 A = Elapsed time spent in this place.
 B = Non-inter-level travel time spent in this place.
 C = Inter-level travel time spent in this place.
 D = Time resting spent in this place.
 E = Time spent auto-exploring this place.
 F = Levels seen in this place.
 G = Mean time per level.
                   A        B        C        D        E       F      G
               +--------+--------+--------+--------+--------+-----+--------+
         Total |   3162 |   2969 |    193 |    695 |   1587 |   5 |  632.4 |
       Dungeon |   3162 |   2969 |    193 |    695 |   1587 |   5 |  632.4 |
               +--------+--------+--------+--------+--------+-----+--------+

Top non-repeatable levels by time:
     D:3: 1087 daAuts
     D:2: 929 daAuts
     D:1: 604 daAuts
     D:4: 519 daAuts
     D:5: 21 daAuts
